 Dungeon Crawl Stone Soup version 0.30-b1-5-g8e6c1be481 (webtiles) character file.

Game seed: 12791225977023179358

56 GloriousHammer the Ruffian (level 3, -1/28 HPs)
             Began as a Draconian Transmuter on May 5, 2023.
             Slain by a gnoll
             ... wielding a +0 club
              (8 damage)
             ... on level 2 of the Dungeon.
             The game lasted 00:03:44 (1352 turns).

GloriousHammer the Ruffian (Draconian Transmuter)   Turns: 1352, Time: 00:03:44

Health: -1/28      AC:  2    Str: 12    XL:     3   Next: 71%
Magic:  3/6        EV: 19    Int: 15    God:
Gold:   35         SH:  0    Dex: 16    Spells: 1/7 levels left

rFire   . .          .
                       - Unarmed
rCold   . . .        (shield currently unavailable)
rNeg    . . .        (body armour unavailable)
rPois   x            (helmet currently unavailable)
rElec   .            h - melded scarf {+Inv}
rCorr   .            (gloves currently unavailable)
SInv    .            (boots currently unavailable)
Will    .....        (no amulet)
Stlth   +            (no ring)
HPRegen 0.24/turn    (no ring)
MPRegen 0.10/turn

%: no passive effects
@: spider-form
A: venomous fangs, AC +5, tiny, unfitting armour, (cold-blooded)
a: End Transformation


You were on level 2 of the Dungeon.
You were a venomous arachnid creature.
You visited 1 branch of the dungeon, and saw 2 of its levels.

You collected 35 gold pieces.

Inventory:

Armour
 h - a scarf of invisibility (melded)
Scrolls
 b - a scroll of amnesia {unknown}
 d - a scroll of fear {unknown}
 f - 3 scrolls of identify {unknown}
 g - 2 scrolls of teleportation {unknown}
Potions
 a - a potion of lignification
 c - a potion of mutation {unknown}
 e - a potion of haste {unknown}


   Skills:
 - Level 1.1 Fighting
 - Level 1.7 Dodging
 + Level 4.0 Unarmed Combat
 + Level 2.5 Spellcasting
 * Level 2.6 Transmutations
 + Level 0.0 Poison Magic


You had one spell level left.
You knew the following spells:

 Your Spells              Type           Power      Damage    Failure   Level
a - Beastly Appendage     Tmut           18%        N/A       19%         1
b - Wereblood             Tmut           9%         N/A       26%         2
c - Spider Form           Tmut/Pois      5%         N/A       58%         3

Your spell library contained the following spells:

 Spells                   Type           Power      Damage    Failure   Level
 Ice Form                 Ice/Tmut       5%         N/A       90%         4


Dungeon Overview and Level Annotations

Branches:
Dungeon (2/15)

Altars:

Shops:
D:2 *


Innate Abilities, Weirdness & Mutations

You are a venomous arachnid creature.
You have venomous fangs.
You are tiny and dextrous.
Your spellcasting is less reliable in this form.
Your armour is entirely melded.
You are incapable of wielding weapons or throwing items.
((Your plain brown scales are hard. (AC +5)))
You cannot fit into any form of body armour.
((You are cold-blooded and may be slowed by cold attacks.))


Message History

Casting: Beastly Appendage (safe; 8% risk of failure)
Confirm with . or Enter, or press ? or * to list all spells.
Your blood is infused with primal strength.
The jackal closely misses you. x3; The jackal barely misses you.
The jackal bites you but does no damage.
You hit the jackal but do no damage.
The jackal is severely wounded.
The jackal closely misses you. The jackal misses you.
The jackal closely misses you. The jackal barely misses you.
You barely miss the jackal. You claw the jackal.
You feel a bit better.
You kill the jackal!
The jackal closely misses you. The jackal barely misses you.
You hit the jackal. You tail-slap the jackal.
You kill the jackal!
The jackal bites you. The jackal closely misses you.
You howl as the wereblood boils in your veins!
Your transformation is almost over.
The jackal barely misses you.
You completely miss the jackal.
You tail-slap the jackal, but do no damage.
The jackal closely misses you.
You barely miss the jackal. Your kick misses the jackal.
Your headbutt misses the jackal. You tail-slap the jackal.
You feel a bit better.
You kill the jackal!
You barely miss the adder. You claw the adder.
The adder is moderately wounded.
The adder bites you.
You are poisoned.
The adder poisons you!
You miss the adder. Your headbutt misses the adder. You tail-slap the adder.
You punch the adder.
The adder is almost dead.
You feel sick. The adder barely misses you.
You closely miss the adder. You tail-slap the adder.
You feel a bit better.
You kill the adder!
You feel sick.
You start resting.
You feel sick. x4
You are no longer poisoned.
Your horns disappear.
Your talons disappear.
You howl as the wereblood boils in your veins!
Your primal bloodlust is almost over.
Magic restored.
Your primal bloodlust has ended.
HP restored.
There is an open door here.
You see here an adder corpse.
Found a dagger.
You now have 26 gold pieces (gained 9).
Found a pair of gloves.
f - 2 scrolls labelled WISONABB ZAETS (gained 1)
You enter the shallow water.
Moving in this stuff is going to be slow.
There is an entrance to Uxeuplik's Assorted Antiques here.
You can access your shopping list by pressing '$'.
You can access your shopping list by pressing '$'.
You enter the shallow water.
Moving in this stuff is going to be slow.
You open the door.
There is an open door here.
You open the door.
There is an open door here.
You open the door.
There is an open door here.
You open the door.
There is an open door here.
You open the door.
There is an open door here.
Found a stone staircase leading down.
There is a stone staircase leading down here.
You open the door.
There is an open door here.
You open the door.
There is an open door here.
A hobgoblin comes into view.
A hobgoblin is nearby!
The hobgoblin shouts!
An endoplasm comes into view.
Casting: Wereblood (safe; 11% risk of failure)
Confirm with . or Enter, or press ? or * to list all spells.
You grow a pair of large bovine horns.
Your feet morph into talons.
You barely miss the hobgoblin. The hobgoblin hits you.
You hit the hobgoblin. Your kick misses the hobgoblin.
Your headbutt misses the hobgoblin.
The hobgoblin is severely wounded.
The hobgoblin hits you but does no damage.
You barely miss the hobgoblin. Your kick misses the hobgoblin.
Your headbutt misses the hobgoblin.
You tail-slap the hobgoblin, but do no damage.
The hobgoblin is severely wounded.
The hobgoblin hits you.
You hit the hobgoblin but do no damage.
You tail-slap the hobgoblin, but do no damage.
The hobgoblin is severely wounded.
The hobgoblin closely misses you.
You hit the hobgoblin. Your kick misses the hobgoblin.
You headbutt the hobgoblin.
You kill the hobgoblin!
You punch the endoplasm!
You kill the endoplasm!
This spell is extremely dangerous to cast!
Memorise Spider Form, consuming 3 spell levels and leaving 1?
You start memorising the spell.
You continue memorising.
Your transformation is almost over.
You continue memorising. x2
You finish memorising.
Spell assigned to 'c'.
Your horns disappear.
Your talons disappear.
Found a faded altar of an unknown god.
Found a stone staircase leading down.
You see here a scarf of invisibility.
You start putting on your armour.
You continue putting on your scarf of invisibility. x4
You finish putting on your scarf of invisibility.
You become transparent for a moment.
Found 9 gold pieces.
There is a faded altar of an unknown god here.
This altar belongs to (a) Okawaru, (b) Ashenzari or (c) Wu Jian, but you can't tell which.
Press the corresponding letter to learn more about a god, or press enter to convert or escape to cancel.
Okay, then.
You now have 35 gold pieces (gained 9).
A kobold comes into view. It is wielding a +0 short sword.
A kobold is nearby!
The kobold shouts!
Casting: Beastly Appendage (safe; 7% risk of failure)
Confirm with . or Enter, or press ? or * to list all spells.
You miscast Beastly Appendage.
You are very lightly contaminated with residual magic.
Nothing appears to happen.
You hit the kobold.
Your tail-slap misses the kobold.
The kobold is severely wounded.
The kobold hits you with a +0 short sword.
You barely miss the kobold.
The kobold is severely wounded.
The kobold hits you but does no damage.
You punch the kobold!
You kill the kobold!
You see here a +0 short sword.
Your magical contamination has completely faded away.
There is an open door here.
There is an open door here.
You open the door.
There is an open door here.
You open the door.
There is an open door here.
You open the door.
There is an open door here.
A giant cockroach comes into view.
A giant cockroach is nearby!
Found a smoky brown potion.
A kobold comes into view. It is wielding a +0 short sword.
Casting: Beastly Appendage (safe; 7% risk of failure)
Confirm with . or Enter, or press ? or * to list all spells.
You grow a pair of large bovine horns.
Your feet morph into talons.
You closely miss the giant cockroach. Your kick misses the giant cockroach.
Your headbutt misses the giant cockroach.
The giant cockroach bites you.
The giant cockroach bites you but does no damage.
You hit the giant cockroach.
You kill the giant cockroach!
Your Unarmed Combat skill increases to level 4!
The kobold shouts!
You see here a giant cockroach corpse.
You see here a scroll labelled WISONABB ZAETS.
Found a stone staircase leading up.
Your transformation is almost over.
You see here a scroll labelled WISONABB ZAETS.
f - 3 scrolls labelled WISONABB ZAETS (gained 1)
A gnoll comes into view. It is wielding a +0 club.
A gnoll comes into view. It is wielding a +0 flail.
The gnoll shouts!
You hear a shout!
The kobold completely misses you.
You closely miss the kobold.
The kobold hits you with a +0 short sword.
The gnoll throws a throwing net.
The throwing net hits you.
You become entangled in the net!
You struggle against the net.
The kobold barely misses you.
You struggle against the net.
The kobold hits you but does no damage.
A gnoll comes into view. It is wielding a +0 flail.
You struggle against the net.
The kobold hits you with a +0 short sword.
You struggle against the net.
Your horns disappear.
Your talons disappear.
The kobold closely misses you. The gnoll barely misses you.
Unknown command.
You rip the net and break free!
The kobold barely misses you. The gnoll closely misses you.
Casting: Beastly Appendage (safe; 7% risk of failure)
Confirm with . or Enter, or press ? or * to list all spells.
You turn into a venomous arachnid creature.
Your scarf of invisibility melds into your body.
The kobold hits you with a +0 short sword.
The gnoll closely misses you.
You hit the kobold.
The kobold is moderately wounded.
The kobold closely misses you. The gnoll closely misses you.
You hit the gnoll.
The gnoll is poisoned.
The gnoll is heavily wounded.
The kobold completely misses you. The gnoll hits you with a +0 flail!
* * * LOW HITPOINT WARNING * * *
The gnoll hits you with a +0 club!
You die...

####.####...# ##.....
.......÷....' ...#.#
####.####...# <# ###!.#.#
# #...# .. ....#.# .#
#...# ##.##..#.######.#
#.... #...............#
#....
.###...gKg.....######....
.......gs...........'....
.........†.....######....
####.....................
##########+########.#.
##.#' #.... #.... #....
#....


You could see 3 gnolls and a kobold.

Vanquished Creatures
  A gnoll (D:1)
  2 adders (D:2)
  A bat (D:1)
  4 endoplasms
  2 giant cockroaches
  4 hobgoblins
  3 jackals (D:2)
  3 kobolds
  2 ball pythons (D:1)
  2 frilled lizards (D:1)
  2 rats
26 creatures vanquished.

Notes
Turn   | Place    | Note
-------+----------+-------------------------------------------
     0 | D:1      | GloriousHammer the Draconian Transmuter began the quest for
                  | the Orb.
     0 | D:1      | Reached XP level 1. HP: 16/16 MP: 3/3
   308 | D:1      | Reached XP level 2. HP: 22/23 MP: 3/5
   750 | D:1      | Learned a level 2 spell: Wereblood
   834 | D:2      | Reached XP level 3. HP: 25/28 MP: 4/6
   892 | D:2      | Found Uxeuplik's Assorted Antiques.
  1174 | D:2      | Learned a level 3 spell: Spider Form
  1183 | D:2      | Found a faded altar of an unknown god.
  1338 | D:2      | Reached skill level 4 in Unarmed Combat
  1352 | D:2      | Slain by a gnoll

Illustrated notes

Levels and vault maps discovered:
D:1:      lemuel_arrival_tunnels, layout_basic, minmay_pentomino_z2
D:2:      layout_basic, ebering_ecumenical_altar_petrified, serial_shops,
          nicolae_shop_waterfront, small_statue_intersection

Skill      XL: |  1  2  3 |
---------------+----------+-----
Unarmed Combat | 4 |  4.0
Fighting       | |  1.1
Dodging        | |  1.7
Spellcasting   | |  2.5
Transmutations | |  2.6

Action                     || total
---------------------------++-------
  Melee: Unarmed           ||    63
         Tailslap          ||    13
         Kick              ||    10
         Headbutt          ||     5
         Punch             ||     3
   Cast: Beastly Appendage ||    15
         Spider Form       ||     1
         Wereblood         ||     1
 Armour: Skin              ||    12
  Dodge: Dodged            ||    50
